 Dungeon Crawl Stone Soup version 0.31-a0-983-g7b6862f502 (webtiles) character file.

Game seed: 2784355819374522009

72 protoss039 the Digger (level 4, 19/33 HPs)
             Began as a Demonspawn Earth Elementalist on Nov 2, 2023.
             Got out of the dungeon alive.
             The game lasted 00:03:00 (1641 turns).

protoss039 the Digger (DsEE)                        Turns: 1641, Time: 00:03:00

Health: 19/33      AC:  6    Str:  8 (9)  XL:     4   Next: 7%
Magic:  8/8        EV: 12    Int: 17 (18) God:
Gold:   130        SH:  0    Dex: 10 (13) Spells: 2/8 levels left

rFire   + . .        g - +0 dagger
rCold   + . .        (no shield)
rNeg    . . .        a - +0 robe
rPois   +            (helmet restricted)
rElec   +            (no cloak)
rCorr   +            (no gloves)
SInv    .            (no boots)
Will    .....        (no amulet)
Stlth   ++           p - +4 ring of protection
HPRegen 0.25/turn    (no ring)
MPRegen 0.22/turn

%: no passive effects
@: resistant, hasted (expiring), very quick
A: horns 1, magic regeneration
a: no special abilities


You escaped.
You visited 1 branch of the dungeon, and saw 3 of its levels.

You collected 130 gold pieces.

Inventory:

Hand Weapons
 g - a +0 dagger (weapon)
Armour
 a - a +0 robe (worn)
Magical Staves
 l - a staff of cold
Jewellery
 m - a ring of fire
 p - a +4 ring of protection (left hand)
Wands
 h - a wand of flame (12)
Scrolls
 d - a scroll of noise {unknown}
 f - a scroll of amnesia {unknown}
 j - a scroll of revelation {unknown}
 k - a scroll of fear {unknown}
Potions
 b - a potion of magic
 o - a potion of cancellation {unknown}


   Skills:
 + Level 2.1 Fighting
 - Level 1.7 Dodging
 - Level 1.7 Stealth
 + Level 2.8 Spellcasting
 - Level 0.8 Transmutations
 + Level 3.3 Earth Magic


You had 2 spell levels left.
You knew the following spells:

 Your Spells              Type           Power      Damage    Failure   Level
a - Sandblast             Erth           26%        2d8       4%          1
b - Passwall              Tmut/Erth      7%         N/A       12%         2
c - Stone Arrow           Conj/Erth      16%        3d8       26%         3

Your spell library contained the following spells:

 Spells                   Type           Power      Damage    Failure   Level
 Petrify                  Tmut/Erth      9%         N/A       58%         4
 Brom's Barrelling Bould  Conj/Erth      8%         2d3       65%         4


Dungeon Overview and Level Annotations

Branches:
Dungeon (3/15) Zot: 16348

Altars:

Annotations:
D:3 Sigmund


Innate Abilities, Weirdness & Mutations

You have a pair of small horns on your head.
You regenerate magic rapidly.


Message History

Unknown command.
It was a potion of resistance.
You feel protected.
* * * LOW HITPOINT WARNING * * *
You feel sick. The adder bites you but does no damage.
Unknown command.
You're too confused to cast spells.
Unknown command.
It was a potion of degeneration.
There was something very wrong with that liquid.
You feel weakened.
You feel dopey.
You feel clumsy. The adder closely misses you.
Unknown command.
It was a potion of curing.
You feel better. The adder barely misses you.
Casting: Sandblast (safe; 4% risk of failure)
Confirm with . or Enter, or press ? or * to list all spells.
Aiming: Sandblast (safe; 4% risk of failure)
Press: ? - help, Shift-Dir - straight line, f - adder
Aim: an adder (70% to hit)
Okay, then.
Casting: Sandblast (safe; 4% risk of failure)
Confirm with . or Enter, or press ? or * to list all spells.
Aiming: Sandblast (safe; 4% risk of failure)
Press: ? - help, Shift-Dir - straight line, f - adder
Aim: an adder (70% to hit)
The blast of sand hits the adder!
You kill the adder!
You have reached level 4!
You feel stronger.
Your demonic ancestry asserts itself...
A pair of horns grows on your head!
Okay, then.
What level of the Dungeon? (default 2, ? - help)
You see here a +0 ring mail.
Magic restored.
There is a stone staircase leading up here.
You climb upwards.
There is a stone staircase leading down here.
Your extra speed is starting to run out.
There is a staircase leading out of the dungeon here.
You have escaped!

#.....#.##.##8.....8#............
#.....#.##.###.....#####.########
#.....#.##.# #.....#.....#.#
......#....###.....###.....######
......######.........###.........
...#.## ##.........##..........
...#.#### #...........#..........
...#....###...........###.#######
...#....8.......@.......8.......#
##......###...(.......###...###..
#.....## #...........# ###.#####
#.....# ##.........## #.#....
#.....# #..8...8..# #.##.#.
#...### ###.....### ##'##...
#...# ###.### #...###. #...# #.#
#...# #. ###.# ##8## #...# #.


There were no monsters in sight!

Vanquished Creatures
  2 adders (D:2)
  An orc (D:3)
  3 bats
  8 giant cockroaches
  2 goblins
  6 hobgoblins
  4 jackals (D:1)
  5 kobolds
  2 quokkas
  8 ball pythons
  A frilled lizard (D:1)
  5 rats
47 creatures vanquished.

Notes
Turn   | Place    | Note
-------+----------+-------------------------------------------
     0 | D:1      | protoss039 the Demonspawn Earth Elementalist began the
                  | quest for the Orb.
     0 | D:1      | Reached XP level 1. HP: 13/13 MP: 3/3
   271 | D:1      | Gained mutation: You regenerate magic rapidly. [demonic
                  | ancestry]
   271 | D:1      | Reached XP level 2. HP: 20/20 MP: 1/5
   408 | D:1      | Reached skill level 1 in Fighting
   444 | D:1      | Reached skill level 3 in Earth Magic
   892 | D:1      | Learned a level 2 spell: Passwall
   987 | D:2      | Reached XP level 3. HP: 26/26 MP: 4/6
  1570 | D:2      | Learned a level 3 spell: Stone Arrow
  1578 | D:3      | Noticed Sigmund
  1597 | D:2      | Gained mutation: You have a pair of small horns on your
                  | head. [demonic ancestry]
  1597 | D:2      | Reached XP level 4. HP: 12/33 MP: 6/8
  1641 | D:$      | Got out of the dungeon alive.

Illustrated notes

Levels and vault maps discovered:
D:1:      psy_arrival_heroes, layout_basic, st_stairs_7, kennysheep_another_room
D:2:      layout_basic, grunt_decor_resistance, minmay_misc_feat_room
D:3:      layout_rooms, overflow_temple_1_default, mainiacjoe_overflow_24_doors,
          mainiacjoe_overflow_divided_tiny, minmay_rat_hole, uniq_ijyb,
          uniq_sigmund

Skill      XL: |  1  2  3 |
---------------+----------+-----
Fighting       | 1 2 |  2.1
Earth Magic    | 3 |  3.3
Dodging        | |  1.7
Stealth        | |  1.7
Spellcasting   | |  2.8
Transmutations | |  0.8

Action                     |  1- 3 |  4- 6 || total
---------------------------+-------+-------++-------
  Melee: Dagger            |    24 |       ||    24
         Club              |     5 |       ||     5
         Unarmed           |     2 |       ||     2
         Punch             |     1 |       ||     1
   Cast: Sandblast         |    55 |       ||    55
    Use: Potion            |     4 |       ||     4
   Stab: Sleeping          |     5 |       ||     5
 Armour: Robe              |    34 |       ||    34
  Dodge: Dodged            |    38 |       ||    38

Table legend: (Time is in decaauts)
 A = Elapsed time spent in this place.
 B = Non-inter-level travel time spent in this place.
 C = Inter-level travel time spent in this place.
 D = Time resting spent in this place.
 E = Time spent auto-exploring this place.
 F = Levels seen in this place.
 G = Mean time per level.
                   A        B        C        D        E       F      G
               +--------+--------+--------+--------+--------+-----+--------+
         Total |   1651 |   1604 |     47 |     17 |   1282 |   3 |  550.3 |
       Dungeon |   1651 |   1604 |     47 |     17 |   1282 |   3 |  550.3 |
               +--------+--------+--------+--------+--------+-----+--------+

Top non-repeatable levels by time:
     D:1: 1015 daAuts
     D:2: 621 daAuts
     D:3: 15 daAuts
